 Dungeon Crawl Stone Soup version 0.22-a0-412-g2b68d14 (webtiles) character file.

23 Borgoz the Skirmisher (level 3, 0/33 HPs)
             Began as a Hill Orc Abyssal Knight on May 12, 2018.
             Was a Follower of Lugonu.
             Killed from afar by an orc wizard (5 damage)
             ... with a puff of flame
             ... on level 2 of the Dungeon.
             The game lasted 00:01:36 (600 turns).

Borgoz the Skirmisher (Hill Orc Abyssal Knight)      Turns: 600, Time: 00:01:37

Health: 0/33       AC:  3    Str: 14    XL:     3   Next: 0%
Magic:  5/5        EV: 11    Int: 12    God:    Lugonu [*.....]
Gold:   114        SH:  0    Dex: 11    Spells: 2/2 levels left

rFire    . . .     SeeInvis .   a - +1 hand axe
rCold    . . .     Gourm    .   (no shield)
rNeg     . . .     Faith    .   b - +0 leather armour
rPois    .         Spirit   .   (no helmet)
rElec    .         Reflect  .   (no cloak)
rCorr    .         Harm     .   (no gloves)
MR       .....                  (no boots)
Stlth    +.........             (no amulet)
HPRegen  0.11/turn              (no ring)
MPRegen  0.09/turn              (no ring)

@: no status effects
A: no striking features
a: Depart the Abyss, Renounce Religion


You were on level 2 of the Dungeon.
You worshipped Lugonu.
Lugonu was aware of your devotion.
You were not hungry.

You visited 1 branch of the dungeon, and saw 2 of its levels.
You visited the Abyss 1 time.

You collected 114 gold pieces.

Inventory:

Hand Weapons
 a - a +1 hand axe (weapon)
Armour
 b - a +0 leather armour (worn)
Jewellery
 e - an uncursed amulet of harm {unknown}
Scrolls
 f - a scroll of identify {unknown}
 g - a scroll of enchant weapon {unknown}
Potions
 d - a potion of invisibility {unknown}
 h - a potion of heal wounds {unknown}
Comestibles
 c - a ration
 i - a chunk of flesh


   Skills:
 + Level 3.9 Fighting
 + Level 3.1 Axes
 + Level 2.5 Armour
 + Level 1.1 Dodging
 + Level 2.9 Invocations


You had 2 spell levels left.
You didn't know any spells.
Your spell library was empty.

Dungeon Overview and Level Annotations

Branches:
Dungeon (2/15)

Altars:


Message History

You miss the orc wizard.
The orc wizard is heavily wounded.
You closely miss something. You hit the orc. The orc hits you.
You hear some strange, mumbled words.
A magic dart appears from out of thin air!
The magic dart hits you!
* * * LOW HITPOINT WARNING * * *
The orc wizard hits you with a dagger.
* * * LOW HITPOINT WARNING * * *
The orc closely misses you.
You miss the orc wizard.
The orc wizard is heavily wounded.
You hit the orc but do no damage. You hit something. Something hits you.
* * * LOW HITPOINT WARNING * * *
The orc wizard hits you but does no damage.
The orc hits you but does no damage.
You hear some strange, mumbled words.
A puff of flame appears from out of thin air!
The puff of flame hits you!
You die...

##........ #.........
..#....... #.........
#.#.[..... #.#......[
...#####..{......
.......?.@o...<..
.#####.†#o......
..#####..########..#
#.....#..# #.># #...##
#..# ######..#### #..##
#.....†....### #...# #
8###....##.(.####...#
#.#
#..##..###........##...#


You could see an orc wizard and an orc.

Vanquished Creatures
  A dart slug (D:1)
  A leopard gecko (D:2)
  4 giant cockroaches
  2 goblins (D:1)
  A hobgoblin (D:2)
  A kobold (D:1)
  5 bats
  2 frilled lizards (D:1)
  2 rats
19 creatures vanquished.

Notes
Turn   | Place    | Note
-------+----------+-------------------------------------------
     0 | Abyss:1  | Borgoz the Hill Orc Abyssal Knight began the quest for the Orb.
     0 | Abyss:1  | Reached XP level 1. HP: 19/19 MP: 2/2
    56 | Abyss:1  | Noticed a ynoxinul
    56 | D:1      | Escaped the Abyss
   302 | D:1      | Reached skill level 1 in Dodging
   302 | D:1      | Reached XP level 2. HP: 23/27 MP: 3/3
   414 | D:1      | Reached * piety under Lugonu
   543 | D:1      | You fall through a shaft!
   598 | D:2      | Reached XP level 3. HP: 19/33 MP: 5/5
   600 | D:2      | Killed from afar by an orc wizard

Vault maps used:
D:1:      dpeg_arrival_erosion, kennysheep_decorative_pillar
D:2:      minitemple, first_ration
Abyss:1:  hangedman_abyss_mock_shop

Skill      XL: |  1  2 |
---------------+-------+-----
Dodging        | 1 |  1.1
Axes           | 3 |  3.1
Fighting       | |  3.9
Armour         | |  2.5
Invocations    | |  2.9

Action                   || total
-------------------------++-------
Melee: Hand axe          ||    48
Invok: Depart the Abyss  ||     1
Armor: Leather armour    ||    16
Dodge: Dodged            ||    28

Table legend:
 A = Spawn XP
 B = Non-spawn XP
 C = Spawn XP percentage of total XP
 D = Spawn monster count
 E = Non-spawn monster count
 F = Spawn count percentage of total count
 G = Total turns spent on level
                    A         B        C        D         E        F      G
               +---------+---------+-------+---------+---------+-------+---------
         Total |       0 |      34 |   0.0 |       0 |      19 |   0.0 |   600
               +---------+---------+-------+---------+---------+-------+---------
           D:1 |       0 |      23 |   0.0 |       0 |      13 |   0.0 |   487
           D:2 |       0 |      11 |   0.0 |       0 |       6 |   0.0 |    57
               +---------+---------+-------+---------+---------+-------+---------
